 Dungeon Crawl Stone Soup version 0.31-a0-846-gb3bcc0d938 (webtiles) character file.

Game seed: 5765355286309690586

312 croobank the Covert (level 6, -1/43 HPs)
             Began as an Octopode Delver on Oct 3, 2023.
             Was an Initiate of Fedhas.
             Killed from afar by an orc wizard (8 damage)
             ... with a puff of flame
             ... on level 4 of the Dungeon.
             The game lasted 00:06:27 (1088 turns).

croobank the Covert (Octopode Delver)               Turns: 1088, Time: 00:06:27

Health: -1/43      AC:  1    Str: 11    XL:     6   Next: 42%
Magic:  0/6        EV: 14    Int: 14    God:    Fedhas [......]
Gold:   37         SH:  0    Dex: 14    Spells: 5/5 levels left

rFire   . . .        a - +0 short sword
rCold   . . .        (no shield)
rNeg    . . .        (helmet restricted)
rPois   .            e - amulet of guardian spirit
rElec   .            (no ring)
rCorr   .            (no ring)
SInv    .            (no ring)
Will    .....        (no ring)
Stlth   +++++        (no ring)
HPRegen 0.27/turn    (no ring)
MPRegen 0.10/turn    (no ring)
                     (no ring)

%: guardian spirit
@: no status effects
A: almost no armour, amphibious, 8 rings, camouflage 1, gelatinous body 1,
(nimble swimmer 1), tentacles
a: Renounce Religion


You were on level 4 of the Dungeon.
You worshipped Fedhas.
Fedhas was noncommittal.
You visited 2 branches of the dungeon, and saw 4 of its levels.

You collected 37 gold pieces.

Inventory:

Hand Weapons
 a - a +0 short sword (weapon)
Jewellery
 e - an amulet of guardian spirit (around mantle)
Wands
 f - a wand of digging (3)
Scrolls
 c - 2 scrolls of revelation


   Skills:
 + Level 4.3 Fighting
 + Level 3.6 Short Blades
 + Level 3.6 Dodging
 + Level 8.0 Stealth


You had 5 spell levels left.
You didn't know any spells.
Your spell library was empty.

Dungeon Overview and Level Annotations

Branches:
Dungeon (6/15)             Temple (1/1) D:5

Altars:
Fedhas
Kikubaaqudgha
Makhleb
Okawaru
Qazlal
Vehumet
Xom
Yredelemnul
Zin
The Shining One


Innate Abilities, Weirdness & Mutations

You cannot wear most types of armour.
You are amphibious.
You can wear up to eight rings at the same time.
Your skin changes colour to match your surroundings (Stealth+).
Your rubbery body absorbs attacks. (AC +1, EV +1)
((You are camouflaged when in or above water. (Stealth+)))
You have tentacles for arms and can constrict up to eight enemies at once.


Message History

You kill the orc!
Fedhas appreciates your contribution to the ecosystem.
The orc hits you with a +0 club.
The kobold throws a stone.
The stone closely misses you.
The stone closely misses the orc.
The stone hits the orc.
You completely miss the orc. You grab the orc. You squeeze the orc!
You kill the orc!
Fedhas appreciates your contribution to the ecosystem.
You miss something. You barely miss something. Your squeeze misses something.
Something hits you.
The kobold throws a stone.
The stone hits you.
You miss something.
You hear some strange, mumbled words.
Something tries to affect you, but you resist.
You hit something. Your squeeze misses something. Something barely misses you.
You barely miss something.
The orc throws a boomerang.
The boomerang barely misses you. Something hits you.
The kobold throws a stone.
The stone barely misses you.
You miss something. Your squeeze misses something. You hit something.
Something hits you.
* * * LOW HITPOINT WARNING * * *
The orc throws a boomerang.
The boomerang closely misses you.
You miss something. Your squeeze misses something. Something hits you.
* * * LOW HITPOINT WARNING * * *
The kobold hits you with a +0 vampiric short sword.
* * * LOW HITPOINT WARNING * * *
It was a potion of curing.
You feel better. Something hits you.
* * * LOW HITPOINT WARNING * * *
The kobold misses you.
You hit something but do no damage. You squeeze something. Something hits you.
* * * LOW HITPOINT WARNING * * *
The kobold hits you with a +0 vampiric short sword.
* * * LOW HITPOINT WARNING * * *
The orc throws a boomerang.
The boomerang closely misses you.
You hit something.
Your tentacle-slap misses something.
You hear some strange, mumbled words.
A puff of flame appears from out of thin air!
The puff of flame hits you!
You die...
Fedhas appreciates your contribution to the ecosystem.

#.###)#.# #.##########...#
#..)..#># #.#.............
..#####.# ### ..#.######.##.##
#.# #.# ###.. #.#.######.##.# #.#
#.# #.... ####......##.## #.# #.#
#... #.<##.#........# ..# #.#
#... o..##.#.##......
........##..#..)#{.###.#.##.#...#
######### ##...K@###.....##.##.##
................).......
.....♣......#.####.##.##
............#.# #.##.#
###.....#####.. ..##.# .'#...#'
#########.# . #... . #.# #... #
#.# ...? #.#


You could see an orc and a kobold.

Vanquished Creatures
  An ogre (D:6)
  A phantom (D:5)
  2 hounds
  An orc priest (D:4)
  A jelly (D:5)
  Robin (D:4)
  3 orcs (D:4)
  2 ball pythons (D:4)
  10 goblins (D:4)
  2 hobgoblins (D:4)
  A quokka (D:5)
  A kobold (D:4)
26 creatures vanquished.

Notes
Turn   | Place    | Note
-------+----------+-------------------------------------------
     0 | D:5      | croobank the Octopode Delver began the quest for the Orb.
     0 | D:5      | Reached XP level 1. HP: 16/16 MP: 1/1
     1 | D:6      | Noticed an ogre
     8 | D:6      | Killed an ogre
     9 | D:6      | Reached skill level 7 in Stealth
     9 | D:6      | Reached XP level 2. HP: 21/21 MP: 2/2
     9 | D:6      | Reached XP level 3. HP: 26/26 MP: 3/3
     9 | D:6      | Reached XP level 4. HP: 32/32 MP: 4/4
   147 | D:5      | Noticed a phantom
   173 | D:5      | Killed a phantom
   174 | D:5      | Reached XP level 5. HP: 10/37 MP: 5/5
   423 | D:5      | Found a staircase to the Ecumenical Temple.
   439 | Temple   | Entered the Ecumenical Temple
   457 | Temple   | Became a worshipper of Fedhas Madash
   629 | D:4      | Noticed Robin
   652 | D:4      | Reached XP level 6. HP: 4/43 MP: 1/6
   655 | D:4      | HP: 1/43 [Robin/+0 club (4)]
   656 | D:4      | Killed Robin
   936 | D:4      | Found a basalt altar of Yredelemnul.
  1074 | D:4      | Reached skill level 8 in Stealth
  1088 | D:4      | Killed from afar by an orc wizard

Illustrated notes

Levels and vault maps discovered:
D:4:      layout_loops_corners, mainiacjoe_overflow_alcove_4,
          nicolae_elyvilon_peaceful_grove, eino_tiny_chamber,
          grunt_ministairs_6, uniq_menkaure, uniq_ijyb, uniq_robin
D:5:      layout_loops_corners, slow_altar_2, minmay_temple_entry_ruins,
          hellmonk_ghost_happy_afterlife
D:6:      layout_gridville, serial_park_tiny_1, solitary_fountain, uniq_edmund,
          uniq_duvessa, uniq_blork_the_orc
Temple:   compressed_dpeg_triangle_lava_temple

Skill      XL: |  1  2  3  4  5  6 |
---------------+-------------------+-----
Stealth        | 7 8 |  8.0
Fighting       | 4 |  4.3
Short Blades   | 3 |  3.6
Dodging        | 3 |  3.6

Action                     |  1- 3 |  4- 6 || total
---------------------------+-------+-------++-------
  Melee: Short sword       |     4 |    81 ||    85
         Tentacles         |       |    19 ||    19
         Punch             |       |     3 ||     3
         Constrict         |       |    15 ||    15
    Use: Potion            |       |     3 ||     3
         Scroll            |       |     2 ||     2
   Stab: Sleeping          |     1 |     3 ||     4
 Armour: Skin              |       |    43 ||    43
  Dodge: Dodged            |     2 |    40 ||    42

Table legend: (Time is in decaauts)
 A = Elapsed time spent in this place.
 B = Non-inter-level travel time spent in this place.
 C = Inter-level travel time spent in this place.
 D = Time resting spent in this place.
 E = Time spent auto-exploring this place.
 F = Levels seen in this place.
 G = Mean time per level.
                   A        B        C        D        E       F      G
               +--------+--------+--------+--------+--------+-----+--------+
         Total |   1060 |   1024 |     36 |    550 |    242 |   4 |  265.0 |
       Dungeon |   1023 |   1022 |      1 |    550 |    242 |   3 |  341.0 |
        Temple |     36 |      1 |     35 |      0 |      0 |   1 |   36.0 |
               +--------+--------+--------+--------+--------+-----+--------+

Top non-repeatable levels by time:
     D:4: 486 daAuts
     D:5: 392 daAuts
     D:6: 145 daAuts
  Temple: 36 daAuts
